 Dungeon Crawl Stone Soup version 0.21-a0-84-g85d6d27 (webtiles) character file.

1776 Kurtz the Cleaver (level 9, -4/44 HPs)
             Began as a Vine Stalker Abyssal Knight on June 26, 2017.
             Was a Priest of Lugonu.
             Killed by divine providence
             ... invoked by an orc priest
              (13 damage)
             ... on level 6 of the Dungeon on June 27, 2017.
             The game lasted 00:12:43 (4808 turns).

Kurtz the Cleaver (Vine Stalker Abyssal Knight)     Turns: 4808, Time: 00:12:43

Health: -4/44      AC:  7    Str: 18    XL:     9   Next: 8%
Magic:  0/11       EV:  6    Int: 12    God:    Lugonu [***...]
Gold:   256        SH:  3    Dex: 14    Spells: 8/8 levels left

rFire    + . .     SeeInvis .   z - +2 hand axe (chop)
rCold    x . .     Gourm    .   (no shield)
rNeg     . . .     Faith    .   E - +0 chain mail
rPois    .         Spirit   +   D - +0 helmet
rElec    .         Reflect  +   s - +0 cloak
rCorr    .         Harm     .   e - +0 pair of gloves
MR       +....                  (no boots)
Stlth    ..........             u - +3 amulet of reflection
HPRegen  0.94/turn              x - ring of fire
MPRegen  0.12/turn              (no ring)

@: heavily drained
A: claws 1, fangs 3, deformed body, mutation resistance 1, regeneration 2, magic
shield, antimagic bite, no potion heal 3, rot immunity
a: Depart the Abyss, Bend Space, Banish, Renounce Religion


You were on level 6 of the Dungeon.
You worshipped Lugonu.
Lugonu was most pleased with you.
You were not hungry.

You visited 1 branch of the dungeon, and saw 6 of its levels.
You visited the Abyss 1 time.

You collected 256 gold pieces.

Inventory:

Hand Weapons
 a - a +0 scythe
 z - a +2 hand axe of chopping (weapon)
 M - a +3 morningstar
Missiles
 l - 4 curare-tipped needles
 p - 6 javelins (quivered)
 F - 3 tomahawks
Armour
 b - a +0 leather armour
 e - a +0 pair of gloves (worn)
 i - a +0 ring mail
 s - a +0 cloak (worn)
 v - a +0 scale mail
 D - a +0 helmet (worn)
 E - a +0 chain mail (worn)
Jewellery
 r - an uncursed ring of ice
 u - a +3 amulet of reflection (around neck)
 x - a ring of fire (left hand)
Wands
 A - a wand of iceblast (0/15)
Scrolls
 d - 4 scrolls of identify
 f - 3 scrolls of recharging {unknown}
 g - 3 scrolls of remove curse
 h - a scroll of enchant weapon {unknown}
 j - a scroll of magic mapping {unknown}
 k - 2 scrolls of fear {unknown}
 n - 4 scrolls of noise {unknown}
 q - 4 scrolls of teleportation {unknown}
 y - a scroll of enchant armour {unknown}
 B - a scroll of immolation {unknown}
 J - a scroll of amnesia {unknown}
Potions
 o - 3 potions of curing {unknown}
 t - a potion of lignification {unknown}
 H - a potion of invisibility {unknown}
 I - a potion of cancellation {unknown}
Books
 m - a book of Callings

   Spells                             Type                      Level
   a - Summon Small Mammal            Summoning                    1
   b - Call Imp                       Summoning                    2
   c - Call Canine Familiar           Summoning                    3
   d - Summon Guardian Golem          Hexes/Summoning              3
   e - Summon Lightning Spire         Summoning/Air                4
   f - Summon Ice Beast               Ice/Summoning                4
Comestibles
 c - 3 bread rations
 w - 4 fruits
 C - a royal jelly
 L - 3 chunks of flesh


   Skills:
 - Level 3.4(0.8) Fighting
 * Level 9.4(6.7) Axes
 - Level 3.9(4.3) Polearms
 - Level 1.5(0.0) Armour
 - Level 0.7(0.0) Dodging
 - Level 1.7(0.0) Invocations


You had 8 spell levels left.
You didn't know any spells.

Dungeon Overview and Level Annotations

Branches:
Dungeon (6/15)             Temple (0/1) D:5

Altars:
Fedhas
Vehumet
Yredelemnul
Zin

Annotations:
D:4 Robin
Abyss:1 Duvessa


Innate Abilities, Weirdness & Mutations

You have razor-sharp teeth.
You heal very quickly.
When hurt, damage is shared between your health and your magic reserves.
Your bite disrupts and absorbs the magic of your enemies.
Potions cannot restore your health.
You are immune to rotting.
You have sharp fingernails.
Armour fits poorly on your strangely shaped body.
You are somewhat resistant to further mutation.


Message History

The black bear claws you but does no damage.
You barely miss the black bear. Your bite misses the black bear.
The black bear is almost dead.
The black bear bites you but does no damage.
The black bear claws you.
* * * LOW HITPOINT WARNING * * *
The black bear claws you.
* * * LOW HITPOINT WARNING * * *
The black bear barely misses you.
The black bear claws you but does no damage.
The black bear claws you.
* * * LOW HITPOINT WARNING * * *
Unknown command.
You slash the black bear!
You kill the black bear!
Lugonu accepts your kill.
Unknown command.
The orc priest calls down the wrath of Beogh upon you.
Beogh smites you!
You die...

#.).......#....#...#
#<........#....#.!.#
#[........#....#...#
#(........#....#...#
##..####'##....#...#
#..#..........oo..#
#..'..........#...#
#..#......Z.o.#...#
#..#(....@##+##o..#
#..#......# #...#
#..#..(...# ..o.#
####......# .....#
#......# ......o
#...(..#..##....#
#......#.. #....#
#......## #....#
#..[[..+


You could see an orc warrior, 2 orc priests and a bullfrog zombie.

Vanquished Creatures
  Sigmund (D:2)
  A sky beast (D:6)
  A black bear (D:6)
  A necrophage (D:4)
  An ogre (D:5)
  A centaur (D:5)
  A bullfrog (D:6)
  Dowan (D:5)
  9 wights
  A crimson imp (D:5)
  3 hounds
  2 orc wizards
  Crazy Yiuf (D:2)
  2 orc priests (D:4)
  Ijyb (D:3)
  An iguana (D:6)
  4 worker ants
  9 adders
  4 gnolls (D:3)
  A shadow imp (D:5)
  A dart slug (D:1)
  4 leopard geckos (D:2)
  23 orcs
  3 ball pythons
  2 giant cockroaches
  6 goblins
  10 hobgoblins
  4 jackals (D:1)
  A quokka (D:5)
  8 bats
  6 frilled lizards
  A jackal skeleton (D:5)
  3 kobolds
  10 rats
128 creatures vanquished.

Notes
Turn   | Place    | Note
-------+----------+-------------------------------------------
     0 | Abyss:1  | Kurtz the Vine Stalker Abyssal Knight began the quest for the Orb.
     0 | Abyss:1  | Reached XP level 1. HP: 11/11 MP: 3/3
    13 | D:1      | Escaped the Abyss
   109 | D:1      | Reached skill level 2 in Axes
   237 | D:1      | Reached XP level 2. HP: 12/16 MP: 4/4
   678 | D:1      | Reached skill level 3 in Axes
   735 | D:2      | Reached XP level 3. HP: 19/19 MP: 5/5
   799 | D:2      | Found a runed door.
   965 | D:2      | Reached ** piety under Lugonu
  1089 | D:2      | Noticed Sigmund
  1293 | D:2      | Killed Sigmund
  1293 | D:2      | Reached skill level 5 in Axes
  1293 | D:2      | Gained mutation: Your natural rate of healing is unusually fast. [Vine Stalker growth]
  1293 | D:2      | Reached XP level 4. HP: 12/23 MP: 6/6
  1293 | D:2      | Reached XP level 5. HP: 14/27 MP: 7/7
  1766 | D:2      | Reached XP level 6. HP: 24/32 MP: 8/8
  2032 | D:2      | Noticed Crazy Yiuf
  2037 | D:2      | Killed Crazy Yiuf
  2037 | D:2      | Reached skill level 1 in Polearms
  2183 | D:3      | Found a radiant altar of Vehumet.
  2319 | D:3      | Found a basalt altar of Yredelemnul.
  2324 | D:3      | Found a glowing silver altar of Zin.
  2402 | D:3      | Noticed Ijyb
  2440 | D:3      | Killed Ijyb
  3307 | D:4      | Noticed a necrophage
  3329 | D:4      | Killed a necrophage
  3329 | D:4      | Reached XP level 7. HP: 27/36 MP: 9/9
  3459 | D:5      | Entered Level 5 of the Dungeon
  3487 | D:5      | Reached *** piety under Lugonu
  3522 | D:4      | Found a blossoming altar of Fedhas.
  3603 | D:4      | Noticed Robin
  3780 | D:5      | Reached skill level 6 in Axes
  3991 | D:5      | Noticed Dowan
  3992 | D:5      | Noticed Duvessa
  3994 | D:5      | Killed Dowan
  3998 | D:5      | Banished Duvessa
  3998 | D:5      | Gained mutation: You have razor-sharp teeth. [Vine Stalker growth]
  3998 | D:5      | Reached XP level 8. HP: 40/40 MP: 10/10
  4005 | D:5      | Found a staircase to the Ecumenical Temple.
  4164 | D:5      | Reached skill level 7 in Axes
  4364 | D:6      | Gained mutation: You have sharp fingernails. [mutagenic meat]
  4365 | D:6      | Gained mutation: Armour fits poorly on your strangely shaped body. [mutagenic meat]
  4366 | D:6      | Gained mutation: You heal very quickly. [mutagenic meat]
  4368 | D:6      | Gained mutation: You are somewhat resistant to further mutation. [mutagenic meat]
  4418 | D:6      | Reached skill level 8 in Axes
  4688 | D:6      | Reached skill level 9 in Axes
  4789 | D:6      | Reached XP level 9. HP: 42/44 MP: 9/11
  4808 | D:6      | Killed from afar by an orc priest

Vault maps used:
D:1:      minmay_arrival_checkered_box
D:2:      uniq_sigmund, uniq_crazy_yiuf_cottage
D:3:      nicolae_overflow_hidden_temple, first_bread, uniq_ijyb
D:4:      hex_large, fedhas_altar_2, uniq_robin
D:5:      temple_fountains, uniq_duvessa
D:6:      lemuel_doored_altar

Skill      XL: |  1  2  3  4  5  6  7  8 |
---------------+-------------------------+-----
Axes           | 2 3 5 6 9 |  9.4
Fighting       | 3 |  3.4
Polearms       | 3 |  3.9
Armour         | |  1.5
Dodging        | |  0.7
Invocations    | |  1.7

Action                   |  1- 3 |  4- 6 |  7- 9 || total
-------------------------+-------+-------+-------++-------
Melee: Hand axe          |    97 |       |   152 ||   249
       Bite              |    21 |    41 |    46 ||   108
       Scythe            |       |   187 |    32 ||   219
       Dire flail        |       |       |    22 ||    22
Throw: Javelin           |     1 |       |       ||     1
Invok: Bend Space        |       |       |     1 ||     1
       Banish            |       |       |     1 ||     1
Evoke: Wand              |       |       |     2 ||     2
  Use: Potion            |     2 |       |       ||     2
       Scroll            |       |       |     3 ||     3
 Stab: Sleeping          |     1 |       |       ||     1
  Eat: Chunk             |     1 |     7 |    11 ||    19
Armor: Leather armour    |    11 |       |       ||    11
       Ring mail         |    35 |    94 |       ||   129
       Scale mail        |       |    20 |    38 ||    58
       Chain mail        |       |       |    58 ||    58
Dodge: Dodged            |    61 |   132 |    98 ||   291
Block: Shield            |    11 |       |       ||    11
       Other             |       |     5 |    32 ||    37
       Reflection        |       |       |     1 ||     1
